Map: Rorschach LE

Players

Paladin

  • Race: Terran Terran
  • League: Platinum

Aurian - Winner!

  • Race: Zerg Zerg
  • League: Platinum

VOD

Have the link to the VOD?

Description

Time

  • Played on: Sept. 5, 2026, 8:16 p.m.
  • Length: 15:48
Show
View Real Time Build Order
Export as new Build Order

Paladin Terran 

Build Orders:  

Get SALT Encoding   

  8  0:01  SCV  
  9  0:13  SCV  
  10  0:25  SCV  
  11  0:29  Supply Depot  
  11  0:37  SCV  
  12  0:49  SCV  
  13  1:02  SCV, Barracks  
  14  1:14  SCV  
  15  1:19  Refinery  
  15  1:23  Refinery  
  15  1:26  SCV  
  16  1:38  SCV  
  17  1:50  SCV  
  17  1:53  Supply Depot  
  18  2:02  Orbital Command  
  18  2:19  Factory  
  18  2:21  Marine  
  19  2:28  SCV  
  20  2:40  SCV  
  21  2:49  Barracks Reactor  
  21  2:52  SCV  
  22  2:59  Supply Depot  
  22  3:04  SCV  
  22  3:05  Starport  
  23  3:06  Factory Tech Lab  
  23  3:16  SCV  
  24  3:22  Supply Depot  
  24  3:25  Siege Tank  
  27  3:27  Marine x2  
  29  3:43  Medivac  
  29  3:48  Supply Depot  
  31  3:51  Marine x2  
  33  4:01  Siege Tank  
  36  4:08  Marine  
  36  4:09  Marine  
  38  4:13  Medivac  
  40  4:26  Marine x2  
  42  5:12  Siege Tank  
  39  6:24  Marine x2  
  41  6:32  Liberator  
  41  6:39  Siege Tank  
  47  6:41  Marine x2  
  49  6:59  Marine  
  50  7:03  Marine  
  51  7:14  Command Center  
  51  7:43  Medivac  
  53  8:06  Supply Depot  
  53  8:25  Siege Tank  
  54  10:08  Marine  
  54  10:09  Marine  
  44  10:26  Marine x2  
  27  13:47  Supply Depot  
  27  13:51  Barracks Reactor  
  27  14:08  SCV  
  27  14:09  Supply Depot  
  28  14:20  SCV  
  29  14:26  Orbital Command  
  18  14:33  SCV  
  18  14:37  Marine x2  
  19  14:45  SCV  
  20  14:55  Marine  
  20  14:58  Marine  
  22  15:13  Marine  
  23  15:16  Marine  
Show
View Real Time Build Order
Export as new Build Order

Aurian Zerg - Winner!

Build Orders: Hatch First 

Get SALT Encoding   

  8  0:01  Drone  
  9  0:18  Drone x2  
  11  0:30  Overlord  
  11  0:39  Drone  
  12  1:00  Drone x3  
  15  1:11  Drone  
  16  1:37  Drone  
  17  1:42  Drone, Hatchery  
  17  1:55  Spawning Pool  
  17  1:56  Drone x2  
  17  2:01  Extractor  
  17  2:03  Drone  
  18  2:16  Overlord  
  18  2:20  Drone  
  19  2:31  Drone  
  20  2:43  Zergling x2  
  21  2:57  Queen  
  23  2:59  Roach Warren  
  23  3:01  Queen  
  23  3:03  Drone x2  
  26  3:06  Metabolic Boost  
  26  3:15  Zergling x4  
  26  3:16  Zergling x2  
  26  3:18  Zergling x2  
  30  3:25  Overlord  
  30  3:39  Drone x2  
  30  3:40  Overlord, Extractor  
  31  3:46  Roach  
  33  3:53  Lair  
  33  3:59  Zergling x4  
  33  4:02  Zergling x2  
  36  4:12  Queen  
  38  4:23  Drone  
  38  4:24  Drone x3  
  42  4:27  Drone  
  43  4:34  Overlord  
  43  4:41  Roach  
  43  4:44  Overlord  
  45  5:01  Drone  
  45  5:02  Drone x5  
  45  5:03  Drone  
  45  5:05  Overseer  
  52  5:13  Roach x2  
  47  5:41  Roach x5  
  47  5:42  Roach x2  
  61  5:55  Overlord x2  
  40  6:21  Drone x6  
  46  6:43  Hatchery  
  45  7:06  Hatchery  
  44  7:18  Extractor  
  44  7:22  Extractor  
  42  7:23  Lair  
  42  7:25  Drone x3  
  42  7:26  Zergling x4  
  47  7:54  Spore Crawler  
  47  7:57  Spore Crawler  
  45  8:00  Evolution Chamber  
  45  8:02  Evolution Chamber  
  45  8:05  Queen  
  45  8:06  Spine Crawler  
  45  8:07  Drone x3  
  45  8:08  Drone  
  47  8:38  Roach x5  
  47  8:39  Roach x2  
  65  8:41  Zergling x2  
  66  8:51  Roach x2  
  66  8:53  Zerg Ground Armor Level 1  
  66  8:55  Zerg Missile Weapons Level 1  
  60  9:10  Roach  
  60  9:11  Overlord  
  60  9:12  Overlord  
  49  10:13  Hatchery  
  46  10:42  Hatchery  
  45  11:25  Drone  
  45  11:26  Drone x2  
  48  11:33  Extractor  
  48  11:35  Extractor  
  48  11:37  Spawning Pool  
  45  11:42  Drone x2  
  48  12:08  Drone x3  
  50  12:28  Lair  
  50  12:34  Overlord x2  
  50  12:35  Zergling x6  
  53  12:39  Queen  
  53  12:42  Hatchery  
  54  12:49  Hatchery  
  53  13:08  Drone x6  
  55  13:33  Hydralisk Den  
  54  13:49  Zergling x2  
  54  13:50  Zergling x4  
  57  13:56  Queen  
  57  13:57  Queen  
  57  14:00  Zergling x2  
  62  14:06  Evolution Chamber, Hydralisk x2  
  65  14:16  Hydralisk x4  
  73  14:19  Grooved Spines  
  66  14:40  Hydralisk  
  66  14:41  Hydralisk x4  
  76  14:56  Drone x2  
  78  15:01  Extractor  
  78  15:04  Extractor  
  78  15:06  Overlord, Zergling x4  
  78  15:07  Zergling x8  
  82  15:14  Hydralisk x2  
  86  15:26  Drone x5  
Tags
 
Add a new tag
Caveats
  • Supply blocks, unpowered buildings, or Contaminate may cause inaccurate times.
  • Supply counts are checked every 10 seconds.